 Dungeon Crawl Stone Soup version 0.19.1 (webtiles) character file.

39 Gargoyl the Skirmisher (level 3, -2/33 HPs)
             Began as a Ghoul Abyssal Knight on Dec 27, 2016.
             Was a Follower of Lugonu.
             Slain by Robin
             ... wielding a +0 trident
              (8 damage)
             ... on level 1 of the Dungeon.
             The game lasted 00:02:32 (1020 turns).

Gargoyl the Skirmisher (Ghoul Abyssal Knight)       Turns: 1020, Time: 00:02:32

Health: -2/33      AC:  4    Str: 15    XL:     3   Next: 47%
Magic:  3/3        EV: 11    Int:  7    God:    Lugonu [*.....]
Gold:   151        SH:  0    Dex:  9    Spells: 0 memorised, 2 levels left

rFire  . . .     SeeInvis .     e - +1 trident (vamp)
rCold  + . .     Gourm    .     b - +1 leather armour
rNeg   + + +     Faith    .     (no shield)
rPois  ∞         Spirit   .     (no helmet)
rElec  .         Reflect  .     (no cloak)
rCorr  .         Harm     .     (no gloves)
MR     .....                    (no boots)
Stlth  +.........               (no amulet)
                                (no ring)
                                (no ring)

@: rotting
A: rotting body, claws 1, carnivore 3, cold resistance 1, negative energy
resistance 3, slow regeneration 1, torment resistance, unbreathing
a: Depart the Abyss, Renounce Religion


You were on level 1 of the Dungeon.
You worshipped Lugonu.
Lugonu was aware of your devotion.
You were not hungry.

You visited 1 branch of the dungeon, and saw 2 of its levels.
You visited the Abyss 1 time.

You collected 151 gold pieces.

Inventory:

Hand Weapons
 a - a +1 hand axe
 e - a +1 vampiric trident (weapon)
Armour
 b - a +1 leather armour (worn)
Jewellery
 g - an uncursed amulet of guardian spirit {unknown}
 i - an uncursed ring of flight {unknown}
 o - an uncursed ring of positive energy {unknown}
Scrolls
 j - 3 scrolls of magic mapping
Potions
 f - 2 potions of berserk rage {unknown}
 h - a potion of agility {unknown}
 n - a potion of beneficial mutation {unknown}
 p - a potion of heal wounds {unknown}
 q - a potion of resistance {unknown}
Comestibles
 c - a meat ration
 d - a chunk of flesh


   Skills:
 + Level 4.0 Fighting
 + Level 1.7(1.8) Axes
 + Level 0.5(1.2) Polearms
 * Level 0.5 Throwing
 * Level 2.3 Armour
 - Level 0.8 Dodging
 + Level 2.1 Invocations


You had 2 spell levels left.
You didn't know any spells.

Dungeon Overview and Level Annotations

Branches:
Dungeon (2/15)

Altars:

Annotations:
D:1 Robin


Innate Abilities, Weirdness & Mutations

Your body is rotting away.
You thrive on raw meat.
You are immune to poison.
You have sharp fingernails.
You are carnivorous and can eat meat at any time.
Your flesh is cold resistant. (rC+)
You are immune to negative energy. (rN+++)
You regenerate slowly when monsters are visible.
You are immune to unholy pain and torment.
You can survive without breathing.


Message History

You kill the goblin!
Lugonu accepts your kill. Robin hits you but does no damage.
Unknown command.
Robin hits you with a trident.
* * * LOW HITPOINT WARNING * * *
Items here: ( ))) † a dagger x2; a hunting sling; 8 stones; a goblin corpse You closely miss Robin.
Robin barely misses you.
You puncture Robin!
Robin is severely wounded.
Robin hits you with a trident.
* * * LOW HITPOINT WARNING * * *
You barely miss Robin.
Robin is severely wounded.
Robin hits you but does no damage.
You hit Robin.
Robin is severely wounded.
Robin hits you with a trident!
You die...

################
#..............#
##.###########.# #.# #.#
#.# #.#
#.###########.###########
#.#...))@>...............
#.#######g)..............
#.# #.############### #.#
#.######### #.#
#.........# #.#
##...####.# #.# #...# #.#
#.# #...# #.#
##.########...####.#######


You could see Robin.

Vanquished Creatures
  An ooze (D:1)
  A leopard gecko (D:1)
  A ball python (D:1)
  4 bats (D:1)
  9 goblins (D:1)
  3 hobgoblins (D:1)
  4 kobolds (D:1)
  A frilled lizard (D:1)
  8 rats (D:1)
32 creatures vanquished.

Notes
Turn   | Place    | Note
-------+----------+-------------------------------------------
     0 | Abyss:1  | Gargoyl the Ghoul Abyssal Knight began the quest for the Orb.
     0 | Abyss:1  | Reached XP level 1. HP: 19/19 MP: 1/1
   100 | Abyss:2  | Noticed a large abomination
   102 | Abyss:2  | Noticed a neqoxec
   106 | Abyss:2  | Noticed a large abomination
   110 | D:1      | Escaped the Abyss
   270 | D:1      | Reached * piety under Lugonu
   270 | D:1      | Reached XP level 2. HP: 26/26 MP: 2/2
   436 | D:1      | Reached skill level 4 in Fighting
   542 | D:1      | Reached XP level 3. HP: 28/33 MP: 3/3
   984 | D:2      | Noticed Robin
  1020 | D:1      | Slain by Robin

Skill      XL: |  1  2 |
---------------+-------+-----
Armour         | 2 |  2.3
Fighting       | 4 |  4.0
Axes           | |  1.7
Polearms       | |  0.5
Throwing       | |  0.5
Dodging        | |  0.8
Invocations    | |  2.1

Action                   || total
-------------------------++-------
Melee: Trident           ||    88
Invok: Depart the Abyss  ||     1
  Use: Scroll            ||     6
  Eat: Chunk             ||    10
Armor: Leather armour    ||    42
Dodge: Dodged            ||    77
